 Dungeon Crawl Stone Soup version 0.26.0-16-gc1dbca0489 (webtiles) character file.

Game seed: 4695367680554550598

12953 xSliceyx the Nimble (level 11, -10/54 HPs)
             Began as a Deep Elf Air Elementalist on Jan 17, 2021.
             Was an Elder of Sif Muna.
             Mangled by an eight-headed hydra (11 damage)
             ... on level 1 of the Lair of Beasts.
             The game lasted 01:48:25 (17554 turns).

xSliceyx the Nimble (Deep Elf Air Elementalist)    Turns: 17554, Time: 01:48:26

Health: -10/54     AC:  6    Str:  5    XL:     11   Next: 69%
Magic:  4/27       EV: 24    Int: 24    God:    Sif Muna [****..]
Gold:   180        SH:  0    Dex: 15    Spells: 2/30 levels left

rFire    . . .     SeeInvis +   C - +1 spear of Defenestration {vorpal, Fragile rElec rN+ SInv} (curse)
rCold    . . .     Faith    .   (no shield)
rNeg     + . .     Spirit   .   D - +0 robe
rPois    .         Reflect  .   (no helmet)
rElec    +         Harm     .   c - +0 cloak
rCorr    .         Rampage  .   y - +1 pair of gloves
Will     +....                  j - +0 pair of boots
Stlth    ++........             (no amulet)
HPRegen  0.18/turn              I - +4 ring of evasion
MPRegen  0.20/turn              O - ring of wizardry

@: very slightly contaminated, studying Unarmed Combat
A: no striking features
a: Renounce Religion, Channel Magic, Forget Spell, Divine Exegesis


You were on level 1 of the Lair of Beasts.
You worshipped Sif Muna.
Sif Muna was greatly pleased with you.
You visited 2 branches of the dungeon, and saw 12 of its levels.
You also visited: Sewer and Ossuary.

You collected 713 gold pieces.
You spent 533 gold pieces at shops.

Inventory:

Hand Weapons
 s - a +4 falchion
 t - a +1 dagger of venom
 C - the cursed +1 spear of Defenestration (weapon) {vorpal, Fragile rElec rN+ SInv}
   (You took it off an orc on level 5 of the Dungeon)

   It inflicts extra damage upon your enemies.
   It insulates you from electricity.
   It protects you from negative energy.
   It lets you see invisible.
   It will be destroyed if unequipped.
   It has a curse placed upon it.
Missiles
 E - 3 curare-tipped darts
Armour
 c - a +0 cloak (worn)
 j - a +0 pair of boots (worn)
 k - a +1 pair of gloves
 y - a +1 pair of gloves (worn)
 D - a +0 robe (worn)
Jewellery
 g - an uncursed ring of fire
 I - a +4 ring of evasion (left hand)
 O - a ring of wizardry (right hand)
Wands
 B - a wand of digging (5)
 F - a wand of disintegration (25)
 H - a wand of flame (12)
 L - a wand of acid (7)
Scrolls
 b - 2 scrolls of enchant armour
 f - 3 scrolls of identify
 h - 5 scrolls of remove curse
 m - a scroll of magic mapping
 o - 11 scrolls of teleportation {unknown}
 p - 5 scrolls of immolation {unknown}
 q - 4 scrolls of fog
 v - 3 scrolls of noise {unknown}
 w - 4 scrolls of enchant weapon {unknown}
 x - 3 scrolls of amnesia {unknown}
 K - a scroll of acquirement {unknown}
 N - a scroll of vulnerability {unknown}
 Q - a scroll of summoning {unknown}
 R - a scroll of blinking
Potions
 a - 2 potions of brilliance
 d - 5 potions of haste
 e - 4 potions of invisibility
 i - 6 potions of might
 l - 7 potions of curing
 n - 3 potions of flight
 r - a potion of mutation {unknown}
 u - 7 potions of heal wounds
 z - 3 potions of attraction
 A - 2 potions of lignification {unknown}
 G - 2 potions of ambrosia {unknown}
 M - a potion of degeneration {unknown}
 P - a potion of experience {unknown}
Books
 J - a manual of Unarmed Combat


   Skills:
 + Level 11.0 Dodging
 - Level 2.4 Stealth
 + Level 10.0 Spellcasting
 + Level 9.9 Conjurations
 + Level 2.1 Ice Magic
 + Level 9.5 Air Magic
 + Level 8.3 Invocations


You had 2 spell levels left.
You knew the following spells:

 Your Spells              Type           Power        Failure   Level
a - Shock                 Conj/Air       100%         1%          1
b - Swiftness             Air            55%          1%          2
c - Static Discharge      Conj/Air       56%          1%          3
d - Airstrike             Air            27%          1%          4
e - Lightning Bolt        Conj/Air       28%          1%          5
f - Fulminant Prism       Conj/Hex       17%          2%          4
g - Iskenderun's Mystic   Conj/Tloc      35%          2%          4
h - Searing Ray           Conj           100%         1%          2
i - Frozen Ramparts       Ice            44%          2%          3

Your spell library contained the following spells:

 Spells                   Type           Power        Failure   Level
 Foxfire                  Conj/Fire      100%         1%          1
 Magic Dart               Conj           100%         1%          1
 Animate Skeleton         Necr           24%          2%          1
 Apportation              Tloc           24%          2%          1
 Corona                   Hex            13%          2%          1
 Summon Small Mammal      Summ           48%          2%          1
 Call Imp                 Summ           12%          3%          2
 Slow                     Hex            12%          3%          2
 Conjure Flame            Conj/Fire      35%          1%          3
 Dazzling Flash           Conj/Hex       70%          1%          3
 Sticky Flame             Conj/Fire      35%          2%          4
 Summon Lightning Spire   Summ/Air       34%          3%          4
 Call Canine Familiar     Summ           12%          6%          3
 Inner Flame              Hex/Fire       12%          6%          3
 Portal Projectile        Hex/Tloc       24%          6%          3
 Summon Guardian Golem    Hex/Summ       12%          6%          3
 Fireball                 Conj/Fire      17%          8%          5
 Summon Ice Beast         Ice/Summ       17%          13%         4
 Freezing Cloud           Conj/Ice/Air   23%          16%         6
 Cause Fear               Hex            6%           21%         4
 Leda's Liquefaction      Hex/Erth       6%           21%         4
 Shadow Creatures         Summ           N/A          95%         6


Dungeon Overview and Level Annotations

Branches:
Dungeon (11/15)            Temple (0/1) D:5            Lair (1/6) D:10
    Orc (0/2) D:9           Sewer (visited)         Ossuary (visited)

Altars:
Cheibriados
Dithmenos
Fedhas
Gozag
Hepliaklqana
Kikubaaqudgha
Makhleb
Okawaru
Sif Muna
Uskayaw
Yredelemnul
Zin

Shops:
D:7 }   D:10 =   D:11 :*[?(


Message History

The eight-headed hydra bites you. x2
The eight-headed hydra completely misses you.
Casting: Lightning Bolt (dangerous; 1% risk of failure)
Confirm with . or Enter, or press ? or * to list all spells.
Okay, then.
Casting: Lightning Bolt (dangerous; 1% risk of failure)
Confirm with . or Enter, or press ? or * to list all spells.
You miscast Iskenderun's Mystic Blast.
You are very lightly contaminated with residual magic.
Nothing appears to happen.
The eight-headed hydra bites you.
* * * LOW HITPOINT WARNING * * *
The eight-headed hydra closely misses you.
The eight-headed hydra bites you!
* * * LOW HITPOINT WARNING * * *
The eight-headed hydra completely misses you.
The eight-headed hydra bites you!
* * * LOW HITPOINT WARNING * * *
The eight-headed hydra bites you but does no damage.
The eight-headed hydra misses you. The eight-headed hydra bites you!
You die...

...## ..# .....##.## ..
.........P ##..
....../..##P.##
...#..........###.> .##.
..?.............##.##...
........................
#...D@................
.......#.......##.......
....###.......#.#.......
... #....#..............
. #...##..............
#... ##............#
#.## ##............ ##
##.#...####..
#######.##..


You could see an eight-headed hydra.

Vanquished Creatures
  A hydra (D:11)
  2 two-headed ogres
  2 unseen horrors (D:11)
  2 oklob plants (D:10)
  A manticore (D:10)
  A komodo dragon (D:11)
  A troll (D:8)
  4 yaks (D:11)
  A soldier ant (D:11)
  An acid dragon (D:11)
  2 water moccasins (Lair:1)
  Duvessa (D:7)
  5 orc warriors
  2 sky beasts
  7 phantoms
  4 ice beasts
  2 necrophages (D:5)
  An eye of draining (D:9)
  7 ogres
  5 centaurs
  4 big kobolds
  4 elf zombies (Ossuary)
  A gnoll sergeant (D:9)
  9 bullfrogs
  Dowan (D:7)
  A water moccasin skeleton (D:5)
  17 killer bees
  9 wights
  7 howler monkeys
  3 hounds
  4 orc priests
  2 bullfrog skeletons
  A gnoll shaman (D:7)
  2 human zombies (Ossuary)
  A centaur skeleton (D:9)
  3 jellies
  An iguana (D:6)
  10 orc wizards
  10 worker ants
  2 hound zombies (Ossuary)
  3 mummies (Ossuary)
  2 hound skeletons
  A worker ant zombie (D:6)
  16 gnolls
  17 adders
  2 river rats (D:6)
  A shadow imp (D:10)
  3 white imps
  3 ufetubi
  3 oozes
  4 adder zombies (Ossuary)
  4 leopard geckos
  53 orcs
  8 bats
  7 giant cockroaches
  7 goblins
  4 hobgoblins
  26 jackals
  6 quokkas
  A ball python (D:2)
  9 frilled lizards
  3 gnoll zombies (Ossuary)
  8 goblin zombies (Ossuary)
  3 hobgoblin zombies (Ossuary)
  5 jackal zombies (Ossuary)
  31 kobolds
  A leopard gecko skeleton (D:4)
  A leopard gecko zombie (D:5)
  An orc zombie (Ossuary)
  3 quokka zombies (Ossuary)
  10 rats
  2 rat zombies (Ossuary)
392 creatures vanquished.

Vanquished Creatures (others)
  3 fulminant prisms
  2 fungi (Sewer)
  8 plants
13 creatures vanquished.

Grand Total: 405 creatures vanquished

Notes
Turn   | Place    | Note
-------+----------+-------------------------------------------
     0 | D:1      | xSliceyx the Deep Elf Air Elementalist began the quest for
                  | the Orb.
     0 | D:1      | Reached XP level 1. HP: 10/10 MP: 6/6
   283 | D:1      | Reached XP level 2. HP: 15/15 MP: 4/8
   842 | D:1      | Reached skill level 3 in Dodging
  1129 | D:1      | Learned a level 2 spell: Swiftness
  1161 | D:2      | Reached XP level 3. HP: 19/19 MP: 7/10
  1379 | D:2      | Reached XP level 4. HP: 24/24 MP: 3/12
  1812 | D:2      | Found a faded altar of an unknown god.
  2380 | D:3      | Learned a level 3 spell: Static Discharge
  2385 | D:3      | Learned a level 4 spell: Airstrike
  3124 | D:3      | Reached XP level 5. HP: 28/28 MP: 10/13
  3488 | D:4      | Noticed a phantom
  3508 | D:4      | Killed a phantom
  3509 | D:4      | Reached skill level 4 in Dodging
  3585 | D:4      | Found a sand-covered staircase.
  3643 | Ossuary  | Entered an ossuary
  3669 | Ossuary  | Reached XP level 6. HP: 32/32 MP: 7/15
  3774 | Ossuary  | Reached skill level 5 in Spellcasting
  3975 | Ossuary  | Learned a level 5 spell: Lightning Bolt
  4058 | Ossuary  | Reached skill level 5 in Dodging
  4351 | Ossuary  | Reached XP level 7. HP: 30/36 MP: 4/17
  4766 | Ossuary  | Reached skill level 5 in Air Magic
  5370 | D:4      | Reached skill level 6 in Dodging
  5897 | D:4      | Reached skill level 5 in Conjurations
  5982 | D:4      | Reached XP level 8. HP: 30/41 MP: 13/19
  6145 | D:5      | Entered Level 5 of the Dungeon
  6145 | D:5      | Found a shimmering blue altar of Sif Muna.
  6206 | D:5      | Became a worshipper of Sif Muna the Loreminder
  6306 | D:5      | Reached skill level 1 in Invocations
  7117 | D:5      | Identified the cursed +1 spear of Defenestration {vorpal,
                  | Fragile rElec rN+ SInv}
  7131 | D:5      | Found an opulent altar of Gozag.
  7198 | D:5      | Reached skill level 7 in Dodging
  7319 | D:5      | Found a staircase to the Ecumenical Temple.
  7517 | D:6      | Reached * piety under Sif Muna
  7526 | D:6      | Reached XP level 9. HP: 35/45 MP: 6/22
  7650 | D:6      | Found a glowing drain.
  7708 | Sewer    | Entered a sewer
  8649 | D:6      | Found an iron altar of Okawaru.
  8806 | D:6      | Found a burning altar of Makhleb.
  8808 | D:6      | Found a glowing silver altar of Zin.
  8809 | D:6      | Noticed an angel
  8811 | D:6      | Noticed a green death
  8824 | D:6      | Reached ** piety under Sif Muna
  9003 | D:6      | Found a hazy altar of Hepliaklqana.
  9643 | D:7      | Reached skill level 8 in Dodging
  9893 | D:7      | Noticed Duvessa
  9893 | D:7      | Noticed Dowan
  9910 | D:7      | Killed Duvessa
  9930 | D:7      | Killed Dowan
 10439 | D:7      | Found Ummekki's Gadget Boutique.
 10549 | D:7      | Reached *** piety under Sif Muna
 10550 | D:7      | Reached skill level 5 in Invocations
 10553 | D:7      | Found a basalt altar of Yredelemnul.
 10784 | D:7      | Found a shadowy altar of Dithmenos.
 10980 | D:8      | Reached XP level 10. HP: 50/50 MP: 21/25
 11976 | D:8      | Found a snail-covered altar of Cheibriados.
 11978 | D:8      | Noticed a two-headed ogre
 12188 | D:8      | Killed a two-headed ogre
 12189 | D:8      | Reached skill level 9 in Dodging
 12701 | D:9      | Found a staircase to the Orcish Mines.
 13097 | D:9      | Found a blossoming altar of Fedhas.
 13100 | D:9      | Found a hide-covered altar of Uskayaw.
 13101 | D:9      | Found a shadowy altar of Dithmenos.
 13101 | D:9      | Found an ancient bone altar of Kikubaaqudgha.
 13118 | D:9      | Reached **** piety under Sif Muna
 13471 | D:9      | Learned a level 4 spell: Fulminant Prism
 13476 | D:9      | Learned a level 4 spell: Iskenderun's Mystic Blast
 13479 | D:9      | Learned a level 2 spell: Searing Ray
 13677 | D:9      | Noticed a two-headed ogre
 13680 | D:9      | Killed a two-headed ogre
 14124 | D:10     | Entered Level 10 of the Dungeon
 14166 | D:10     | Reached skill level 10 in Dodging
 14229 | D:10     | Noticed a manticore
 14236 | D:10     | Killed a manticore
 14373 | D:10     | Found Judd's Jewellery Shop.
 14420 | D:10     | Bought an uncursed ring of wizardry for 480 gold pieces
 14644 | D:10     | Noticed an oklob plant
 14646 | D:10     | Killed an oklob plant
 14647 | D:10     | Reached XP level 11. HP: 54/54 MP: 15/26
 14700 | D:10     | Found a staircase to the Lair.
 14700 | D:10     | Noticed an oklob plant
 14704 | D:10     | Killed an oklob plant
 14920 | D:10     | Identified the cursed +2 trident "Pul Mihobb" {freeze,
                  | rElec rF+ Int-3}
 15739 | D:11     | Found Vezuasm's Magic Scroll Shoppe.
 15809 | D:11     | Found Kibbee Feto's Assorted Antiques.
 15914 | D:11     | Noticed an unseen horror
 15919 | D:11     | Killed an unseen horror
 15929 | D:11     | Noticed an unseen horror
 15933 | D:11     | Killed an unseen horror
 16121 | D:11     | Bought a murky purple potion for 25 gold pieces
 16121 | D:11     | Bought a scroll labelled ITTUIM NUERCHYRPH for 28 gold
                  | pieces
 16251 | D:11     | Found Zuesm's Antique Armour Boutique.
 16307 | D:11     | Reached ***** piety under Sif Muna
 16307 | D:11     | Identified Dirijimmo's Almanac of Freezing Illusion (Sif
                  | Muna gifted it to you on level 11 of the Dungeon)
 16307 | D:11     | Received a gift from Sif Muna
 16352 | D:11     | Learned a level 3 spell: Frozen Ramparts
 16384 | D:11     | Found Weocael's Book Shoppe.
 16486 | D:11     | Noticed a five-headed hydra
 16494 | D:11     | Killed a five-headed hydra
 16602 | D:11     | Reached skill level 1 in Ice Magic
 16792 | D:11     | Found Mylof's Weapon Shop.
 17066 | D:11     | Reached skill level 11 in Dodging
 17268 | Lair:1   | Entered Level 1 of the Lair of Beasts
 17340 | Lair:1   | Reached skill level 10 in Spellcasting
 17545 | Lair:1   | Noticed an eight-headed hydra
 17554 | Lair:1   | HP: 1/54 [eight-headed hydra (7)]
 17554 | Lair:1   | Mangled by an eight-headed hydra

Illustrated notes

Levels and vault maps discovered:
D:1:      shiori_arrival_oz, layout_basic, ebering_dispersal_statue_hall
D:2:      layout_loops_corners, chequers_ecumenical_altar_island
D:3:      layout_loops_corners
D:4:      layout_basic, enter_ossuary_5
D:5:      layout_rooms, overflow_temple_1_default, minmay_temple_entry_fiery,
          basic_altar
D:6:      layout_cave_pools, grunt_temple_overflow_order_and_chaos_2,
          nicolae_overflow_hidden_temple, nzn_hepliaklqana_mist_gate,
          gup_sewer_entry_spiral
D:7:      layout_rooms, basic_altar, serial_shops, nicolae_shop_stone,
          nicolae_dithmenos_shadow_blocks, uniq_duvessa
D:8:      layout_layer_cave, old_standard_altar, minmay_manual_monstrance
D:9:      layout_rooms, grunt_temple_overflow_open, orc_0_dummy
D:10:     layout_stronghold, dpeg_oklobed_lair, serial_shops, shop
D:11:     layout_loops_ring, serial_shops, nicolae_shop_behind_doors, shop,
          nicolae_shop_temple_entry_statues_fountains, shop, shop
Lair:1:   layout_cave_shapes, serial_bayou_lagoon_a, grunt_megastairs_5

Skill      XL: |  1  2  3  4  5  6  7  8  9 10 11 |
---------------+----------------------------------+-----
Dodging        | 3 4 5 6 7 8 10 11 | 11.0
Conjurations   | 2 3 4 5 6 7 9 |  9.9
Spellcasting   | 4 5 6 7 9 10 | 10.0
Air Magic      | 4 5 6 7 8 9 |  9.5
Invocations    | 3 5 7 8 |  8.3
Ice Magic      | 2 |  2.1
Stealth        | |  2.4

Action                   |  1- 3 |  4- 6 |  7- 9 | 10-12 || total
-------------------------+-------+-------+-------+-------++-------
Melee: Dagger            |       |    18 |       |       ||    18
       Spear             |       |       |    11 |     1 ||    12
 Cast: Shock             |    63 |   169 |   493 |   235 ||   960
       Swiftness         |       |     1 |     2 |     2 ||     5
       Lightning Bolt    |       |       |    12 |    22 ||    34
       Searing Ray       |       |       |       |    65 ||    65
       Fulminant Prism   |       |       |       |     3 ||     3
       Static Discharge  |       |       |       |     1 ||     1
Invok: Channel Magic     |       |       |       |     1 ||     1
  Use: Scroll            |       |     5 |     1 |     7 ||    13
       Potion            |       |       |       |     1 ||     1
Armor: Robe              |     3 |    14 |    28 |    10 ||    55
Dodge: Dodged            |     5 |    42 |   150 |   112 ||   309
